[ AOE2 MATCH · #495146646 ]
UnrankedMagyars vs Vikings
Player's team · LOSS
Rival team · WIN
[ REPLAY ANALYSIS · EXTRACTED FROM THE RECORDED GAME ]
Feudal
11:28
Castle
16:38
Imperial
—
| APM avg | 46.5 |
| APM peak | 94 |
| eAPM avg | 22.5 |
| Villagers / military | 105 / 80 |
Focus
⚔️ 34.4% · 🌾 65.6%
Magyar Huszar ×52 · Scorpion ×17 · Battering Ram ×7 · Monk ×2 · Mangonel ×2
Feudal
8:58
Castle
22:03
Imperial
39:26
| APM avg | 65.3 |
| APM peak | 117 |
| eAPM avg | 25.5 |
| Villagers / military | 115 / 87 |
Focus
⚔️ 52.1% · 🌾 47.9%
Cavalry Archer ×57 · Archer ×10 · Knight ×8 · Monk ×7 · Scout Cavalry ×3 · Trebuchet (Packed) ×2
Match map
Initial resources + every placement click. Lines = walls · curves = elevation contours. ◆ gold · ⬟ stone · ● berries · ✦ relic · ◌ wall gap
Your base· Open — 4t gap
DS_VARVAGOD's base· ✓ Closed at 22:03 · 68t walls · 1 gate(s)
Smoothed initial terrain · ◌ = detected wall gap · hover for details
Inputs per minute
— Ie cuack - - DS_VARVAGOD
Build order — Ie cuack
First 150 of 300 actions detected
| 0:00 | Create | Villager (Male) ×4 |
| 0:01 | Create | Villager (Male) ×4 |
| 0:02 | Build | House |
| 0:03 | Build | House |
| 1:35 | Create | Villager (Male) |
| 1:35 | Create | Villager (Male) |
| 2:04 | Create | Villager (Male) |
| 2:05 | Create | Villager (Male) |
| 2:28 | Create | Villager (Male) |
| 2:28 | Create | Villager (Male) |
| 2:37 | Build | Palisade Gate |
| 2:50 | Create | Villager (Male) |
| 3:08 | Build | Lumber Camp |
| 3:09 | Create | Villager (Male) |
| 3:09 | Create | Villager (Male) |
| 3:25 | Create | Villager (Male) |
| 4:04 | Create | Villager (Male) |
| 4:04 | Create | Villager (Male) |
| 4:11 | Create | Villager (Male) |
| 4:24 | Build | House |
| 4:28 | Research | Loom |
| 4:32 | Create | Villager (Male) |
| 4:40 | Create | Villager (Male) |
| 4:58 | Create | Villager (Male) |
| 5:03 | Create | Villager (Male) |
| 5:09 | Create | Villager (Male) |
| 5:11 | Build | House |
| 5:13 | Build | Palisade Wall |
| 5:44 | Build | Mill |
| 5:53 | Create | Villager (Male) |
| 6:01 | Create | Villager (Male) |
| 6:09 | Build | Palisade Wall |
| 6:10 | Create | Villager (Male) |
| 6:22 | Build | Palisade Wall |
| 6:25 | Build | Palisade Wall |
| 6:30 | Create | Villager (Male) |
| 6:36 | Build | Palisade Wall |
| 6:37 | Build | Palisade Wall |
| 6:38 | Build | Palisade Wall |
| 6:42 | Create | Villager (Male) |
| 6:47 | Create | Villager (Male) |
| 7:06 | Create | Villager (Male) |
| 7:27 | Build | Palisade Wall |
| 7:27 | Build | Palisade Wall |
| 7:28 | Build | Palisade Wall |
| 7:30 | Build | Palisade Wall |
| 7:32 | Create | Villager (Male) |
| 7:58 | Build | Mining Camp |
| 8:15 | Build | Palisade Wall |
| 8:16 | Build | Palisade Wall |
| 8:29 | Build | Palisade Wall |
| 8:30 | Build | Palisade Wall |
| 8:38 | Build | Palisade Wall |
| 8:39 | Build | Palisade Wall |
| 9:13 | Build | Farm |
| 9:18 | Research | Feudal Age |
| 9:24 | Build | Farm |
| 9:42 | Build | Farm |
| 10:05 | Build | Palisade Wall |
| 11:02 | Build | House |
| 11:28 | Age | Feudal Age |
| 11:29 | Build | Blacksmith |
| 11:31 | Build | Market |
| 11:41 | Create | Villager (Male) |
| 12:05 | Build | Farm |
| 12:13 | Build | House |
| 12:31 | Create | Villager (Male) |
| 12:46 | Build | Farm |
| 13:06 | Build | House |
| 13:46 | Build | Stone Wall |
| 13:48 | Build | Stone Wall |
| 13:51 | Build | Stone Wall |
| 13:52 | Build | Stone Wall |
| 13:54 | Build | Stone Wall |
| 13:54 | Build | Stone Wall |
| 13:58 | Research | Castle Age |
| 14:07 | Build | Stone Wall |
| 14:19 | Build | House |
| 14:20 | Build | House |
| 15:17 | Build | Palisade Wall |
| 15:39 | Create | Villager (Male) |
| 16:38 | Age | Castle Age |
| 16:41 | Build | Castle |
| 17:00 | Create | Villager (Male) |
| 17:10 | Build | House |
| 17:20 | Build | Mining Camp |
| 17:46 | Create | Magyar Huszar |
| 17:48 | Create | Villager (Male) |
| 18:06 | Create | Magyar Huszar |
| 18:06 | Create | Magyar Huszar |
| 18:22 | Create | Magyar Huszar |
| 18:45 | Create | Villager (Male) |
| 19:11 | Create | Villager (Male) |
| 19:12 | Create | Villager (Male) |
| 19:17 | Create | Villager (Male) |
| 19:29 | Create | Villager (Male) |
| 19:30 | Create | Magyar Huszar |
| 19:59 | Create | Magyar Huszar |
| 20:04 | Create | Villager (Male) |
| 20:04 | Build | Farm |
| 20:21 | Create | Magyar Huszar |
| 20:22 | Create | Villager (Male) |
| 20:44 | Create | Magyar Huszar |
| 20:52 | Create | Villager (Male) |
| 21:04 | Build | Siege Workshop |
| 21:06 | Create | Villager (Male) |
| 21:17 | Create | Magyar Huszar |
| 21:17 | Create | Magyar Huszar |
| 21:22 | Build | Farm |
| 21:24 | Create | Villager (Male) |
| 21:45 | Create | Magyar Huszar |
| 21:48 | Build | Farm |
| 22:02 | Build | Farm |
| 22:10 | Create | Magyar Huszar |
| 22:30 | Build | Siege Workshop |
| 22:32 | Create | Magyar Huszar |
| 22:39 | Build | Farm |
| 22:44 | Build | Farm |
| 22:49 | Create | Magyar Huszar |
| 23:03 | Create | Villager (Male) |
| 23:07 | Create | Scorpion |
| 23:09 | Build | House |
| 23:31 | Create | Scorpion |
| 23:32 | Create | Villager (Male) |
| 23:40 | Create | Magyar Huszar |
| 23:41 | Create | Magyar Huszar |
| 23:41 | Create | Magyar Huszar |
| 23:50 | Build | House |
| 23:52 | Build | Farm |
| 24:22 | Create | Villager (Male) |
| 24:22 | Create | Villager (Male) |
| 24:26 | Create | Scorpion |
| 24:31 | Create | Villager (Male) |
| 24:41 | Build | House |
| 24:42 | Create | Scorpion |
| 24:52 | Create | Magyar Huszar |
| 25:05 | Research | Double-Bit Axe |
| 25:05 | Research | Double-Bit Axe |
| 25:16 | Create | Scorpion |
| 25:32 | Create | Scorpion |
| 25:35 | Create | Magyar Huszar |
| 25:38 | Create | Villager (Male) |
| 26:21 | Create | Villager (Male) |
| 26:34 | Create | Villager (Male) |
| 26:34 | Create | Villager (Male) |
| 27:02 | Create | Villager (Male) |
| 27:02 | Create | Villager (Male) |
| 27:06 | Create | Mangonel |
| 28:14 | Create | Villager (Male) |
| 28:14 | Create | Villager (Male) |
Build order — DS_VARVAGOD
First 150 of 296 actions detected
| 0:00 | Create | Villager (Male) |
| 0:00 | Create | Villager (Male) |
| 0:01 | Build | House |
| 0:02 | Build | House |
| 0:13 | Create | Villager (Male) |
| 0:13 | Create | Villager (Male) |
| 1:32 | Create | Villager (Male) |
| 1:33 | Create | Villager (Male) |
| 2:00 | Create | Villager (Male) |
| 2:00 | Create | Villager (Male) |
| 2:11 | Create | Villager (Male) |
| 2:16 | Build | Lumber Camp |
| 2:57 | Create | Villager (Male) |
| 2:57 | Create | Villager (Male) |
| 3:14 | Create | Villager (Male) |
| 3:52 | Create | Villager (Male) |
| 3:52 | Create | Villager (Male) |
| 3:53 | Create | Villager (Male) |
| 4:01 | Build | House |
| 4:41 | Create | Villager (Male) |
| 4:58 | Create | Villager (Male) |
| 4:58 | Create | Villager (Male) |
| 5:08 | Create | Villager (Male) |
| 5:08 | Create | Villager (Male) |
| 5:11 | Build | Mill |
| 5:45 | Research | Loom |
| 6:48 | Research | Feudal Age |
| 8:01 | Build | Barracks |
| 8:36 | Create | Villager (Male) |
| 8:58 | Age | Feudal Age |
| 8:59 | Build | Stable |
| 9:09 | Create | Villager (Male) |
| 9:16 | Research | Double-Bit Axe |
| 9:28 | Research | Town Watch |
| 9:30 | Build | House |
| 9:34 | Build | House |
| 9:38 | Create | Villager (Male) |
| 9:40 | Create | Scout Cavalry |
| 9:44 | Build | House |
| 9:45 | Build | Palisade Wall |
| 9:46 | Build | Palisade Wall |
| 10:01 | Create | Villager (Male) |
| 10:33 | Create | Villager (Male) |
| 10:39 | Create | Villager (Male) |
| 10:48 | Build | Archery Range |
| 10:51 | Build | Farm |
| 11:00 | Create | Villager (Male) |
| 11:18 | Create | Villager (Male) |
| 11:22 | Build | Mining Camp |
| 11:28 | Build | Farm |
| 11:36 | Create | Villager (Male) |
| 11:41 | Build | Farm |
| 11:59 | Create | Scout Cavalry |
| 12:06 | Create | Archer |
| 12:12 | Build | Watch Tower |
| 12:19 | Build | Watch Tower |
| 12:22 | Build | Farm |
| 12:24 | Create | Villager (Male) |
| 12:31 | Create | Archer |
| 12:42 | Create | Villager (Male) |
| 12:56 | Build | Blacksmith |
| 13:12 | Create | Archer |
| 13:13 | Create | Villager (Male) |
| 13:19 | Create | Villager (Male) |
| 13:28 | Build | House |
| 13:31 | Create | Archer |
| 13:40 | Create | Villager (Male) |
| 13:43 | Build | Farm |
| 14:02 | Create | Archer |
| 14:03 | Create | Villager (Male) |
| 14:06 | Build | House |
| 14:07 | Build | Palisade Wall |
| 14:08 | Build | Palisade Wall |
| 14:18 | Research | Fletching |
| 14:19 | Research | Fletching |
| 14:25 | Create | Archer |
| 14:25 | Create | Villager (Male) |
| 14:51 | Create | Villager (Male) |
| 14:52 | Build | Farm |
| 14:54 | Build | Farm |
| 15:27 | Create | Villager (Male) |
| 15:28 | Create | Archer |
| 15:29 | Build | Farm |
| 15:31 | Build | Farm |
| 15:40 | Create | Villager (Male) |
| 15:43 | Create | Scout Cavalry |
| 15:50 | Build | Farm |
| 15:50 | Build | Farm |
| 15:53 | Build | Farm |
| 15:54 | Create | Villager (Male) |
| 16:07 | Create | Villager (Male) |
| 16:14 | Create | Villager (Male) |
| 16:18 | Build | House |
| 16:19 | Build | House |
| 16:23 | Build | Lumber Camp |
| 16:54 | Create | Archer |
| 17:16 | Create | Villager (Male) |
| 17:20 | Build | Stone Wall |
| 17:23 | Build | Stone Wall |
| 17:29 | Create | Villager (Male) |
| 17:37 | Create | Villager (Male) |
| 17:47 | Build | Market |
| 18:05 | Build | Farm |
| 18:07 | Build | Farm |
| 18:13 | Build | Stone Wall |
| 18:44 | Create | Villager (Male) |
| 18:45 | Create | Archer |
| 18:45 | Create | Archer |
| 18:49 | Create | Villager (Male) |
| 18:55 | Build | Stone Wall |
| 19:03 | Build | Stone Wall |
| 19:12 | Build | Stone Wall |
| 19:23 | Research | Castle Age |
| 19:23 | Research | Castle Age |
| 19:28 | Create | Villager (Male) |
| 19:33 | Build | Stone Wall |
| 19:34 | Build | Stone Wall |
| 19:35 | Build | Stone Wall |
| 19:37 | Build | Stone Wall |
| 19:37 | Build | Stone Wall |
| 19:43 | Build | Stone Wall |
| 19:45 | Create | Villager (Male) |
| 19:58 | Build | Archery Range |
| 20:02 | Build | Archery Range |
| 20:17 | Create | Villager (Male) |
| 20:24 | Build | Gate |
| 20:44 | Build | Stone Wall |
| 21:02 | Build | Stone Wall |
| 21:05 | Build | Stone Wall |
| 21:11 | Create | Villager (Male) |
| 21:20 | Build | Stone Wall |
| 21:26 | Build | Stone Wall |
| 21:28 | Build | Stone Wall |
| 21:31 | Create | Villager (Male) |
| 21:34 | Build | Mining Camp |
| 22:02 | Create | Villager (Male) |
| 22:03 | Age | Castle Age |
| 22:05 | Build | Monastery |
| 22:06 | Research | Bodkin Arrow |
| 22:07 | Create | Cavalry Archer |
| 22:07 | Create | Cavalry Archer |
| 22:07 | Create | Cavalry Archer |
| 22:07 | Create | Cavalry Archer |
| 22:23 | Build | Archery Range |
| 22:35 | Create | Villager (Male) |
| 22:55 | Create | Cavalry Archer |
| 22:55 | Create | Cavalry Archer |
| 22:55 | Create | Cavalry Archer |
| 23:00 | Create | Monk |
| 23:28 | Create | Cavalry Archer |
Match timeline
| 5:13 | Ie cuack · wall_segment Palisade Wall x2 |
| 6:09 | Ie cuack · wall_segment Palisade Wall x6 |
| 6:22 | Ie cuack · wall_segment Palisade Wall x1 |
| 6:25 | Ie cuack · wall_segment Palisade Wall x4 |
| 6:36 | Ie cuack · wall_segment Palisade Wall x1 |
| 6:37 | Ie cuack · wall_segment Palisade Wall x1 |
| 6:38 | Ie cuack · wall_segment Palisade Wall x1 |
| 7:27 | Ie cuack · wall_segment Palisade Wall x1 |
| 7:27 | Ie cuack · wall_segment Palisade Wall x1 |
| 7:28 | Ie cuack · wall_segment Palisade Wall x1 |
| 7:30 | Ie cuack · wall_segment Palisade Wall x1 |
| 8:01 | DS_VARVAGOD · first_building Barracks |
| 8:15 | Ie cuack · wall_segment Palisade Wall x1 |
| 8:16 | Ie cuack · wall_segment Palisade Wall x1 |
| 8:29 | Ie cuack · wall_segment Palisade Wall x1 |
| 8:30 | Ie cuack · wall_segment Palisade Wall x1 |
| 8:38 | Ie cuack · wall_segment Palisade Wall x1 |
| 8:39 | Ie cuack · wall_segment Palisade Wall x1 |
| 8:58 | DS_VARVAGOD · age_up feudal |
| 8:59 | DS_VARVAGOD · first_building Stable |
| 9:45 | DS_VARVAGOD · wall_segment Palisade Wall x5 |
| 9:46 | DS_VARVAGOD · wall_segment Palisade Wall x3 |
| 10:05 | Ie cuack · wall_segment Palisade Wall x1 |
| 10:48 | DS_VARVAGOD · first_building Archery Range |
| 11:28 | Ie cuack · age_up feudal |
| 12:23 | Ie cuack · first_market_sell 100 stone |
| 12:24 | Ie cuack · first_market_buy 100 food |
| 13:46 | Ie cuack · wall_segment Stone Wall x1 |
| 13:48 | Ie cuack · wall_segment Stone Wall x1 |
| 13:51 | Ie cuack · wall_segment Stone Wall x1 |
| 13:52 | Ie cuack · wall_segment Stone Wall x1 |
| 13:54 | Ie cuack · wall_segment Stone Wall x1 |
| 13:54 | Ie cuack · wall_segment Stone Wall x1 |
| 14:07 | Ie cuack · wall_segment Stone Wall x1 |
| 14:07 | DS_VARVAGOD · wall_segment Palisade Wall x1 |
| 14:08 | DS_VARVAGOD · wall_segment Palisade Wall x1 |
| 15:17 | Ie cuack · wall_segment Palisade Wall x1 |
| 16:38 | Ie cuack · age_up castle |
| 16:41 | Ie cuack · first_building Castle |
| 17:20 | DS_VARVAGOD · wall_segment Stone Wall x10 |
| 17:23 | DS_VARVAGOD · wall_segment Stone Wall x16 |
| 18:13 | DS_VARVAGOD · wall_segment Stone Wall x5 |
| 18:52 | DS_VARVAGOD · first_market_buy 100 stone |
| 18:55 | DS_VARVAGOD · wall_segment Stone Wall x6 |
| 19:03 | DS_VARVAGOD · wall_segment Stone Wall x7 |
| 19:12 | DS_VARVAGOD · wall_segment Stone Wall x1 |
| 19:18 | DS_VARVAGOD · first_market_sell 100 wood |
| 19:33 | DS_VARVAGOD · wall_segment Stone Wall x3 |
| 19:34 | DS_VARVAGOD · wall_segment Stone Wall x2 |
| 19:35 | DS_VARVAGOD · wall_segment Stone Wall x2 |
| 19:37 | DS_VARVAGOD · wall_segment Stone Wall x3 |
| 19:37 | DS_VARVAGOD · wall_segment Stone Wall x1 |
| 19:43 | DS_VARVAGOD · wall_segment Stone Wall x1 |
| 20:44 | DS_VARVAGOD · wall_segment Stone Wall x1 |
| 21:02 | DS_VARVAGOD · wall_segment Stone Wall x6 |
| 21:04 | Ie cuack · first_building Siege Workshop |
| 21:05 | DS_VARVAGOD · wall_segment Stone Wall x3 |
| 21:20 | DS_VARVAGOD · wall_segment Stone Wall x1 |
| 21:26 | DS_VARVAGOD · wall_segment Stone Wall x1 |
| 21:28 | DS_VARVAGOD · wall_segment Stone Wall x2 |
| 22:03 | DS_VARVAGOD · age_up castle |
| 22:05 | DS_VARVAGOD · first_building Monastery |
| 28:50 | Ie cuack · first_building Monastery |
| 32:55 | Ie cuack · first_building Barracks |
| 33:12 | DS_VARVAGOD · first_building Castle |
| 34:30 | Ie cuack · first_building Stable |
| 39:26 | DS_VARVAGOD · age_up imperial |
| 42:59 | Ie cuack · resign |
[ AI ANALYSIS · 1 CREDIT ]
What really happened in this match?
Wolo.gg analyzes every decision: build order, eco, micro, common mistakes by bracket. Personalized analysis on WhatsApp or Discord in 30 seconds.
Civ guide
Magyars
Perfil
Jugador #6180175